 Dungeon Sprint DCSS version 0.26-a0-720-g2a1d101370 (webtiles) character file.

Game seed: 3377574100382010329

213337 mhtbhm the Swordmaster (level 16, -4/183 HPs)
             Began as a Minotaur Fighter on Nov 3, 2020.
             Was the Champion of Makhleb.
             Killed from afar by an orb of fire (30 damage)
             ... with a fireball
             ... in the Dungeon (Sprint IX: "|||||||||||||||||||||||||||||").
             The game lasted 00:12:27 (5067 turns).

mhtbhm the Swordmaster (Minotaur Fighter)           Turns: 5067, Time: 00:12:28

Health: -4/183     AC: 26    Str: 30    XL:     16   Next: 96%
Magic:  15/15      EV: 23    Int:  3    God:    Makhleb [******]
Gold:   875        SH: 24    Dex: 13    Spells: 15/15 levels left

rFire    + + .     SeeInvis .   a - +8 demon blade "Leech" {vamp, *Rage +Rage rN+}
rCold    . . .     Faith    .   c - +5 kite shield "Nafoagun" {rC- rN+++ Dex+5 Stlth-}
rNeg     + + +     Spirit   .   b - +6 chain mail of Old and Reckless {+Inv Str+2 Slay+3}
rPois    .         Reflect  .   G - +0 hat "Husaor" {rF++ Regen+}
rElec    +         Harm     .   u - +0 cloak
rCorr    .         Rampage  .   p - +1 pair of gloves
MR       +....     Rnd*Rage +   o - +0 pair of boots Stlth ..........NoTele +
                                (no amulet)
HPRegen  0.00/turn              A - +4 ring of evasion
MPRegen  0.14/turn              w - ring of protection from cold

@: berserk cooldown, slowed, very slow
A: retaliatory headbutt, hooves 1, horns 2, clumsy 1, deformed body, dopey 1,
screaming 1, electricity resistance, inhibited regeneration
}: 4/17 runes: decaying, serpentine, barnacled, gossamer
a: Minor Destruction, Lesser Servant of Makhleb, Major Destruction, Greater
Servant of Makhleb, Renounce Religion, Evoke Berserk Rage, Evoke Invisibility


You were in the Dungeon.
You worshipped Makhleb.
Makhleb was exalted by your worship.
You visited 1 branch You collected 1917 gold pieces.
You spent 1042 gold pieces at shops.

Inventory:

Hand Weapons
 a - the +8 demon blade "Leech" (weapon) {vamp, *Rage +Rage rN+}
   (You found it in the Dungeon)

   It inflicts no extra harm, but heals its wielder when it wounds a living foe.
   It protects you from negative energy.
   It lets you go berserk.
   It may make you go berserk in combat.
 y - a +1 trishula of holy wrath
 F - a +1 double sword of holy wrath
Missiles
 B - 41 silver javelins (quivered)
Armour
 b - the +6 chain mail of Old and Reckless (worn) {+Inv Str+2 Slay+3}
   (You bought it in a shop in the Dungeon)

   It affects your strength (+2).
   It affects your accuracy and damage with ranged weapons and melee attacks
   (+3).
   It lets you turn invisible.
 c - the +5 kite shield "Nafoagun" (worn) {rC- rN+++ Dex+5 Stlth-}
   (You bought it in a shop in the Dungeon)

   It affects your dexterity (+5).
   It makes you vulnerable to cold.
   It renders you almost immune to negative energy.
   It makes you less stealthy.
 o - a +0 pair of boots (worn)
 p - a +1 pair of gloves (worn)
 u - a +0 cloak (worn)
 G - the +0 hat "Husaor" (worn) {rF++ Regen+}
   (You found it in the Dungeon)

   It greatly protects you from fire.
   It increases your rate of regeneration.
Jewellery
 w - a ring of protection from cold (right hand)
 A - a +4 ring of evasion (left hand)
Wands
 n - a wand of acid (1)
Scrolls
 i - 4 scrolls of identify
 l - 6 scrolls of remove curse
 m - 2 scrolls of amnesia
 r - 4 scrolls of enchant armour
 s - 6 scrolls of fog
 v - a scroll of fear
 x - 2 scrolls of enchant weapon
Potions
 d - 5 potions of might
 e - 7 potions of curing
 f - 2 potions of invisibility
 g - 4 potions of haste
 h - 4 potions of magic
 k - 4 potions of heal wounds
 q - a potion of berserk rage
 t - 2 potions of brilliance
 z - 3 potions of mutation


   Skills:
 O Level 27 Fighting
 O Level 27 Long Blades
   Level 18.8 Maces & Flails
 + Level 25.6 Armour
 + Level 16.6 Dodging
 + Level 2.7 Stealth
 O Level 27 Shields
 + Level 5.5 Evocations


You had 15 spell levels left.
You didn't know any spells.
Your spell library was empty.

Dungeon Overview and Level Annotations

Branches:
Dungeon (1/1)

Altars:
Cheibriados
Dithmenos
Elyvilon
Fedhas
Gozag
Hepliaklqana
Kikubaaqudgha
Makhleb
Nemelex Xobeh
Okawaru
Qazlal
Ru
Sif Muna
Trog
Uskayaw
Vehumet
Wu Jian
Xom
Yredelemnul
Zin
The Shining One
Beogh
Jiyva
Lugonu

Shops:
D [[![

Annotations:
D Gloorx Vloq


Innate Abilities, Weirdness & Mutations

You reflexively headbutt those who attack you in melee.
You have a pair of horns on your head.
You have large cloven feet.
You are clumsy. (Dex -2)
Armour fits poorly on your strangely shaped body.
You are dopey. (Int -2)
You occasionally shout uncontrollably at your foes.
You are resistant to electric shocks. (rElec)
You do not regenerate when monsters are visible.


Message History

The fireball engulfs the orb of fire.
The orb of fire completely resists.
The necromancer mumbles some strange words.
The necromancer binds the souls of nearby monsters.
You feel much better.
The sphinx's soul is no longer bound.
The orb of fire emits a lurid red light.
The bolt of fire hits you! You resist.
* * * LOW HITPOINT WARNING * * *
Unknown command.
You feel much better.
The ironbrand convoker is no longer covered in acid.
The orb of fire glows deep purple.
Strange energies course through your body.
Your regeneration stops near monsters.
The orb of fire glows red.
The bolt of fire misses you.
You closely miss the orb of fire.
The orb of fire is almost destroyed.
The orb of fire glows bright magenta.
The fireball explodes!
The fireball engulfs you!! You resist.
You die...

▓▓▓▓▓▓▓▓▓▓▓▓▓▓▓▓▓▓▓▓
))))))p))ZpppdH*@..▓
▓▓▓▓▓▓▓▓▓▓▓▓▓▓▓▓▓▓.▓
...................▓
▓▓▓▓▓▓▓▓▓▓▓▓▓▓▓▓▓▓▓▓
))))))))))()(((....▓
▓▓▓▓▓▓▓▓▓▓▓▓▓▓▓▓▓▓.▓
...................▓
▓▓▓▓▓▓▓▓▓▓▓▓▓▓▓▓▓▓▓▓
......'............▓


You could see an orb of fire, a red draconian (soul bound, strong), a sphinx, an
ironbrand convoker (soul bound), 2 necromancers and a spriggan baker simulacrum
(strong).

Vanquished Creatures
  An orb of fire (D)
  Mennas (D)
  Boris (D)
  A golden dragon (D)
  A tentacled monstrosity (D)
  2 Orb Guardians (D)
  2 sphinxes (D)
  A storm dragon (D)
  Ilsuiw (D)
  6 nagarajas (D)
  2 shadow dragons (D)
  A vault warden (D)
  6 emperor scorpions (D)
  Louise (D)
  An ironheart preserver (D)
  A war gargoyle (D)
  4 very ugly things (D)
  A draconian annihilator (D)
  An entropy weaver (D)
  4 stone giants (D)
  A vampire knight (D)
  Nessos (D)
  7 merfolk javelineers (D)
  2 ettins (D)
  A fire dragon (D)
  Snorg (D)
  Josephine (D)
  2 yaktaur captains (D)
  3 ogre magi (D)
  25 vault guards (D)
  10 hydras (D)
  3 ice dragons (D)
  A great orb of eyes (D)
  2 boulder beetles (D)
  3 rakshasas (D)
  2 merfolk impalers (D)
  A naga warrior (D)
  A spriggan air mage (D)
  A ghost crab (D)
  A shambling mangrove (D)
  3 merfolk aquamancers (D)
  An anaconda (D)
  A centaur warrior (D)
  A catoblepas (D)
  A two-headed ogre (D)
  6 death yaks (D)
  2 tengu warriors (D)
  A deep troll shaman (D)
  2 orc high priests (D)
  A naga sharpshooter (D)
  2 shock serpents (D)
  A deep elf knight (D)
  A shadow wraith (D)
  A glowing orange brain (D)
  A flayed ghost (D)
  A spriggan druid (D)
  3 swamp dragons (D)
  A sea snake (shapeshifter) (D)
  2 ironbrand convokers (D)
  8 orc knights (D)
  4 wolf spiders (D)
  An orb spider (D)
  2 orc sorcerers (D)
  An ugly thing (D)
  2 moths of wrath (D)
  4 manticores (D)
  4 naga magi (D)
  3 guardian serpents (D)
  Joseph (D)
  A water nymph (D)
  A merfolk siren (D)
  3 vault sentinels (D)
  A black mamba (shapeshifter) (D)
  6 cane toads (D)
  A yaktaur (shapeshifter) (D)
  A guardian mummy (D)
  A yaktaur (D)
  A demonic crawler (D)
  4 freezing wraiths (D)
  2 merfolk (D)
  2 jumping spiders (D)
  2 slime creatures (D)
  3 hornets (D)
  4 blink frogs (D)
  A snapping turtle (D)
  A bog body (D)
  2 redbacks (D)
  A tarantella (shapeshifter) (D)
  2 spriggans (D)
  A shadow (D)
  5 wraiths (D)
  4 yaks (D)
  A basilisk (D)
  A vampire mosquito (D)
  Eustachio (D)
  4 nagas (D)
  2 soldier ants (D)
  A water moccasin (D)
  An ice beast (D)
  11 orc warriors (D)
  A boggart (D)
  A centaur (D)
  A big kobold (D)
  5 bullfrogs (D)
  2 scorpions (D)
  A howler monkey (D)
  A hound (D)
  6 orc priests (D)
  2 orc wizards (D)
  An iguana (D)
  3 worker ants (D)
  2 adder zombies (D)
  2 adder skeletons (D)
  11 orcs (D)
  A goblin (D)
  A frilled lizard (D)
  A giant cockroach zombie (D)
  A leopard gecko simulacrum (D)
  A leopard gecko zombie (D)
  3 rats (D)
289 creatures vanquished.

Notes
Turn   | Place    | Note
-------+----------+-------------------------------------------
     0 | D        | mhtbhm the Minotaur Fighter began the quest for the Orb.
     0 | D        | Reached XP level 1. HP: 19/19 MP: 0/0
   124 | D        | Noticed an orc priest
   124 | D        | Noticed a howler monkey
   124 | D        | Noticed a hound
   134 | D        | Killed a hound
   134 | D        | Reached skill level 5 in Fighting
   134 | D        | Reached skill level 5 in Armour
   134 | D        | Reached skill level 5 in Shields
   134 | D        | Reached XP level 2. HP: 18/29 MP: 1/1
   134 | D        | Reached XP level 3. HP: 22/36 MP: 2/2
   137 | D        | Reached XP level 4. HP: 27/45 MP: 3/3
   154 | D        | Found a roughly hewn altar of Beogh.
   154 | D        | Found a snail-covered altar of Cheibriados.
   154 | D        | Found a shadowy altar of Dithmenos.
   154 | D        | Found a white marble altar of Elyvilon.
   154 | D        | Found a blossoming altar of Fedhas.
   154 | D        | Found an opulent altar of Gozag.
   155 | D        | Found a hazy altar of Hepliaklqana.
   156 | D        | Found a viscous altar of Jiyva.
   157 | D        | Found an ancient bone altar of Kikubaaqudgha.
   158 | D        | Found a corrupted altar of Lugonu.
   159 | D        | Found a burning altar of Makhleb.
   160 | D        | Found a sparkling altar of Nemelex Xobeh.
   161 | D        | Found an iron altar of Okawaru.
   190 | D        | Found a stormy altar of Qazlal.
   191 | D        | Found a sacrificial altar of Ru.
   192 | D        | Found a shimmering blue altar of Sif Muna.
   193 | D        | Found a bloodstained altar of Trog.
   194 | D        | Found a hide-covered altar of Uskayaw.
   195 | D        | Found a radiant altar of Vehumet.
   197 | D        | Became a worshipper of Makhleb the Destroyer
   199 | D        | Found an ornate altar of the Wu Jian Council.
   200 | D        | Found a shimmering altar of Xom.
   201 | D        | Found a basalt altar of Yredelemnul.
   202 | D        | Found a glowing silver altar of Zin.
   203 | D        | Found a glowing golden altar of the Shining One.
   407 | D        | Noticed a big kobold
   407 | D        | Noticed an ice beast
   410 | D        | Killed an ice beast
   410 | D        | Reached XP level 5. HP: 53/53 MP: 4/4
   413 | D        | Reached * piety under Makhleb
   417 | D        | Reached XP level 6. HP: 62/62 MP: 5/5
   418 | D        | Reached skill level 1 in Dodging
   420 | D        | Reached ** piety under Makhleb
   466 | D        | Noticed a slime creature
   466 | D        | Noticed a soldier ant
   466 | D        | Noticed a soldier ant
   478 | D        | Killed a soldier ant
   481 | D        | Killed a soldier ant
   481 | D        | Reached skill level 10 in Fighting
   481 | D        | Reached XP level 7. HP: 65/72 MP: 6/6
   487 | D        | Reached *** piety under Makhleb
   495 | D        | Killed a slime creature
   495 | D        | Reached skill level 10 in Maces & Flails
   495 | D        | Reached skill level 10 in Armour
   495 | D        | Reached skill level 10 in Shields
   650 | D        | Gained mutation: You have large cloven feet. [potion of
                  | mutation]
   650 | D        | Gained mutation: You are resistant to electric shocks.
                  | (rElec) [potion of mutation]
   674 | D        | Noticed a blink frog
   674 | D        | Noticed a basilisk
   674 | D        | Noticed a four-headed hydra
   675 | D        | Noticed a blink frog
   687 | D        | Killed a four-headed hydra
   687 | D        | Reached XP level 8. HP: 33/82 MP: 7/7
   905 | D        | Reached **** piety under Makhleb
   930 | D        | Reached XP level 9. HP: 71/90 MP: 8/8
   944 | D        | Reached ***** piety under Makhleb
   947 | D        | Reached skill level 1 in Evocations
  1057 | D        | Noticed a cane toad
  1057 | D        | Noticed a cane toad
  1062 | D        | Killed a cane toad
  1063 | D        | Noticed a cane toad
  1066 | D        | Killed a cane toad
  1084 | D        | Killed a cane toad
  1084 | D        | Reached ****** piety under Makhleb
  1084 | D        | Reached skill level 15 in Maces & Flails
  1089 | D        | Reached XP level 10. HP: 71/101 MP: 9/9
  1346 | D        | Noticed a death yak
  1346 | D        | Noticed a death yak
  1346 | D        | Noticed a catoblepas
  1346 | D        | Noticed a death yak
  1346 | D        | Noticed a death yak
  1347 | D        | Noticed a death yak
  1358 | D        | Killed a death yak
  1363 | D        | Noticed a death yak
  1367 | D        | Killed a death yak
  1372 | D        | Killed a catoblepas
  1375 | D        | Reached skill level 5 in Dodging
  1380 | D        | Killed a death yak
  1380 | D        | Reached skill level 15 in Armour
  1387 | D        | Killed a death yak
  1394 | D        | Killed a death yak
  1394 | D        | Reached XP level 11. HP: 101/111 MP: 10/10
  1400 | D        | Killed a death yak
  1447 | D        | Noticed Eustachio
  1458 | D        | Killed Eustachio
  1488 | D        | Noticed Joseph
  1508 | D        | Killed Joseph
  1508 | D        | Reached skill level 15 in Fighting
  1508 | D        | Reached skill level 1 in Stealth
  1695 | D        | Noticed an orc sorcerer
  1695 | D        | Noticed an orc knight
  1698 | D        | Noticed an orc knight
  1713 | D        | Killed an orc knight
  1713 | D        | Reached skill level 15 in Shields
  1729 | D        | Killed an orc sorcerer
  1747 | D        | Killed an orc knight
  1908 | D        | Found Qaheng's Antique Armour Boutique.
  1908 | D        | Noticed an orc knight
  1908 | D        | Noticed an orc sorcerer
  1909 | D        | Noticed an orc knight
  1912 | D        | Killed an orc sorcerer
  1926 | D        | Killed an orc knight
  1927 | D        | Found Qengiuh's Distillery.
  1932 | D        | Found Gunimni's Armour Boutique.
  1948 | D        | Killed an orc knight
  1954 | D        | Noticed an orc knight
  1955 | D        | Found Texu's Armour Shop.
  1957 | D        | Noticed an orc high priest
  1958 | D        | Noticed an orc high priest
  1959 | D        | Noticed an orc knight
  1962 | D        | Noticed a sixfirhy
  1965 | D        | Killed an orc knight
  1980 | D        | Killed an orc high priest
  1985 | D        | Killed an orc high priest
  1997 | D        | Killed an orc knight
  2060 | D        | Bought a brightly glowing kite shield for 256 gold pieces
  2065 | D        | Identified the +5 kite shield "Nafoagun" {rC- rN+++ Dex+5
                  | Stlth-} (You bought it in a shop in the Dungeon)
  2071 | D        | Bought a fine chain mail for 256 gold pieces
  2076 | D        | Identified the +6 chain mail of Old and Reckless {+Inv
                  | Str+2 Slay+3} (You bought it in a shop in the Dungeon)
  2086 | D        | Bought a potion of invisibility for 80 gold pieces
  2086 | D        | Bought a potion of curing for 30 gold pieces
  2086 | D        | Bought 2 potions of haste for 200 gold pieces
  2086 | D        | Bought a potion of heal wounds for 50 gold pieces
  2086 | D        | Bought a potion of might for 40 gold pieces
  2086 | D        | Bought a potion of might for 40 gold pieces
  2086 | D        | Bought a potion of curing for 30 gold pieces
  2086 | D        | Bought a potion of curing for 30 gold pieces
  2086 | D        | Bought a potion of curing for 30 gold pieces
  2123 | D        | Noticed Josephine
  2139 | D        | Killed Josephine
  2139 | D        | Reached XP level 12. HP: 125/125 MP: 11/11
  2218 | D        | Found the +8 demon blade "Leech" {vamp, *Rage +Rage rN+}
  2282 | D        | Noticed a two-headed ogre
  2282 | D        | Noticed a tengu warrior
  2290 | D        | Killed a tengu warrior
  2295 | D        | Killed a two-headed ogre
  2441 | D        | Noticed an ettin
  2442 | D        | Noticed an ice dragon
  2442 | D        | Noticed a green very ugly thing
  2446 | D        | Noticed a white very ugly thing
  2456 | D        | Killed a green very ugly thing
  2456 | D        | Noticed an ogre mage
  2465 | D        | Killed a white very ugly thing
  2466 | D        | Killed an ettin
  2468 | D        | Noticed a rakshasa
  2473 | D        | Killed an ice dragon
  2473 | D        | Reached skill level 10 in Long Blades
  2481 | D        | Killed an ogre mage
  2485 | D        | Killed a rakshasa
  2629 | D        | Noticed Nessos
  2644 | D        | Killed Nessos
  2713 | D        | Noticed Snorg
  2722 | D        | Killed Snorg
  2814 | D        | Noticed an emperor scorpion
  2814 | D        | Noticed an entropy weaver
  2814 | D        | Noticed an emperor scorpion
  2826 | D        | Killed an emperor scorpion
  2837 | D        | Killed an entropy weaver
  2837 | D        | Reached skill level 15 in Long Blades
  2837 | D        | Reached XP level 13. HP: 136/136 MP: 12/12
  2847 | D        | Killed an emperor scorpion
  2902 | D        | Noticed a nagaraja
  2909 | D        | Killed a nagaraja
  2994 | D        | Noticed a merfolk javelineer
  3007 | D        | Killed a merfolk javelineer
  3280 | D        | Noticed a green very ugly thing
  3291 | D        | Noticed a sphinx
  3296 | D        | Killed a green very ugly thing
  3306 | D        | Noticed an ettin
  3310 | D        | Reached XP level 14. HP: 132/149 MP: 13/13
  3317 | D        | Noticed a storm dragon
  3321 | D        | Noticed a purple very ugly thing
  3328 | D        | Killed a sphinx
  3341 | D        | Killed a storm dragon
  3345 | D        | Killed a purple very ugly thing
  3346 | D        | Noticed a vampire knight
  3351 | D        | Noticed a stone giant
  3352 | D        | Paralysed by a vampire knight for 3 turns
  3357 | D        | Killed a vampire knight
  3362 | D        | Killed a stone giant
  3415 | D        | Noticed an ironheart preserver
  3436 | D        | Killed an ironheart preserver
  3453 | D        | Noticed a vault warden
  3460 | D        | Noticed a stone giant
  3461 | D        | Reached skill level 10 in Dodging
  3479 | D        | Killed a vault warden
  3484 | D        | Killed a stone giant
  3500 | D        | Reached skill level 5 in Evocations
  3562 | D        | Noticed Mennas
  3584 | D        | Killed Mennas
  3655 | D        | Noticed Boris
  3671 | D        | Killed Boris
  3671 | D        | Reached XP level 15. HP: 164/165 MP: 14/14
  3769 | D        | Got the +0 hat "Husaor" {rF++ Regen+}
  3922 | D        | Noticed Ilsuiw
  3947 | D        | Killed Ilsuiw
  3995 | D        | Got a barnacled rune of Zot
  4068 | D        | Noticed a nagaraja
  4068 | D        | Noticed a nagaraja
  4068 | D        | Noticed a nagaraja
  4068 | D        | Noticed a nagaraja
  4069 | D        | Noticed a nagaraja
  4073 | D        | Killed a nagaraja
  4081 | D        | Killed a nagaraja
  4086 | D        | Killed a nagaraja
  4097 | D        | Killed a nagaraja
  4116 | D        | Killed a nagaraja
  4127 | D        | Got a serpentine rune of Zot
  4256 | D        | Reached skill level 27 in Long Blades
  4346 | D        | Got a gossamer rune of Zot
  4410 | D        | Reached XP level 16. HP: 180/180 MP: 15/15
  4416 | D        | Got a decaying rune of Zot
  4646 | D        | Reached skill level 27 in Shields
  4707 | D        | Noticed a golden dragon
  4710 | D        | Reached skill level 27 in Fighting
  4713 | D        | Paralysed by a floating eye for 4 turns
  4727 | D        | Noticed a shadow dragon
  4730 | D        | Noticed a shadow dragon
  4738 | D        | Killed a golden dragon
  4743 | D        | Identified the ring "Wicy" {rC- Str+6 Int+5}
  4762 | D        | Killed a shadow dragon
  4772 | D        | Killed a shadow dragon
  4779 | D        | Noticed a tentacled monstrosity
  4779 | D        | Noticed an Orb Guardian
  4780 | D        | Noticed Gloorx Vloq
  4780 | D        | Noticed an Orb Guardian
  4780 | D        | Noticed Louise
  4785 | D        | Killed a tentacled monstrosity
  4785 | D        | Reached skill level 15 in Dodging
  4790 | D        | Noticed an Executioner
  4791 | D        | Killed an Orb Guardian
  4796 | D        | Noticed an Executioner
  4796 | D        | Killed an Orb Guardian
  4803 | D        | Killed Louise
  5015 | D        | Noticed a sphinx
  5019 | D        | Killed a sphinx
  5026 | D        | Noticed a sphinx
  5026 | D        | Noticed an orb of fire
  5034 | D        | Gained mutation: You occasionally shout uncontrollably at
                  | your foes. [an orb of fire]
  5039 | D        | Gained mutation: You are dopey. (Int -2) [an orb of fire]
  5045 | D        | Gained mutation: Armour fits poorly on your strangely
                  | shaped body. [an orb of fire]
  5046 | D        | Killed an orb of fire
  5048 | D        | Paralysed by a sphinx for 6 turns
  5049 | D        | Noticed an orb of fire
  5053 | D        | Gained mutation: You are clumsy. (Dex -2) [an orb of fire]
  5064 | D        | HP: 3/183 [orb of fire/fireball (32)]
  5066 | D        | Gained mutation: You do not regenerate when monsters are
                  | visible. [an orb of fire]
  5067 | D        | Killed from afar by an orb of fire

Illustrated notes

Levels and vault maps discovered:
D:        linesprint [early_d, line_temple, items_1, d_10, items_2, lair_1,
          lair_end, items_3, orc_1, orc_end, items_4, d_15, swamp_1, shoals_1,
          snake_1, spider_1, d_20, vaults_1, items_5, swamp_end, shoals_end,
          snake_end, spider_end, vaults_end, d_27, items_6, zot_1, zot_end,
          crypt_end, forest_end, elf_end, slime_end, tomb_end, abyss_end,
          pan_hell_end]

Skill      XL: |  1  2  3  4  5  6  7  8  9 10 11 12 13 14 15 16 |
---------------+-------------------------------------------------+-----
Fighting       | 5 6 8 10 11 13 14 17 18 20 23 25 27 | 27.0
Armour         | 5 6 7 8 9 11 12 13 15 16 17 18 25 | 25.6
Shields        | 5 6 7 8 9 11 12 14 16 17 20 24 27 | 27.0
Maces & Flails | 3 4 6 7 9 12 13 15 16 18 | 18.8
Dodging        | 1 2 4 5 6 7 9 10 12 16 | 16.6
Evocations     | 1 2 3 4 5 |  5.5
Stealth        | 1 2 |  2.7
Long Blades    | 15 21 25 27 | 27.0

Action                   |  1- 3 |  4- 6 |  7- 9 | 10-12 | 13-15 | 16-18 || total
-------------------------+-------+-------+-------+-------+-------+-------++-------
Melee: Flail             |    25 |    35 |    93 |   312 |       |       ||   465
       Headbutt          |     3 |    10 |    25 |   112 |   145 |    85 ||   380
       Demon blade       |       |       |       |    96 |   494 |   233 ||   823
Throw: Javelin           |       |       |       |       |       |     1 ||     1
 Abil: Evoke Berserk Rag |       |       |       |     2 |       |       ||     2
Evoke: Wand              |       |       |     2 |     1 |     3 |     3 ||     9
  Use: Potion            |     1 |     1 |     1 |     1 |     3 |     8 ||    15
       Scroll            |       |       |     1 |       |       |     2 ||     3
Armor: Scale mail        |     9 |     3 |       |       |       |       ||    12
       Chain mail        |       |     2 |    30 |    58 |   145 |    32 ||   267
Dodge: Dodged            |     7 |     5 |    16 |    62 |   180 |    49 ||   319
Block: Kite shield       |    11 |    14 |    44 |   189 |   348 |   143 ||   749
       Rpst.: Demon blade |       |       |       |     1 |    12 |     6 ||    19

Table legend: (Time is in decaauts)
 A = Elapsed time spent in this place.
 B = Non-inter-level travel time spent in this place.
 C = Inter-level travel time spent in this place.
 D = Time resting spent in this place.
 E = Time spent auto-exploring this place.
 F = Levels seen in this place.
 G = Mean time per level.
                   A        B        C        D        E       F      G
               +--------+--------+--------+--------+--------+-----+--------+
         Total |   4775 |   4775 |      0 |   1696 |    796 |   1 | 4775.0 |
       Dungeon |   4775 |   4775 |      0 |   1696 |    796 |   1 | 4775.0 |
               +--------+--------+--------+--------+--------+-----+--------+

Top non-repeatable levels by time:
       D: 4775 daAuts
